Map: Persephone LE

Players

LiquidClem (Clem) - Winner!

  • Race: Terran Terran
  • League: Master
  • Spawn Location: 7:00

Classic

  • Race: Protoss Protoss
  • Spawn Location: 11:00

Event: DreamHack Dallas 2025

VOD

Have the link to the VOD?

Description

Time

  • Played on: May 24, 2025, 2:01 p.m.
  • Length: 21:03

All games in this series

Show
View Real Time Build Order
Export as new Build Order

LiquidClem Terran - Winner!

Build Orders: Reaper Expand 

Get SALT Encoding   

  12  0:00  SCV  
  13  0:12  SCV  
  14  0:17  Supply Depot  
  14  0:24  SCV  
  15  0:39  SCV  
  15  0:40  Barracks  
  16  0:43  Refinery  
  16  0:51  SCV  
  17  1:03  SCV  
  18  1:15  SCV  
  19  1:27  Orbital Command, Reaper  
  20  1:38  Command Center  
  20  1:49  Supply Depot  
  20  1:52  SCV  
  21  1:58  Marine  
  22  2:04  SCV  
  22  2:07  Factory  
  23  2:15  Bunker  
  23  2:17  SCV  
  23  2:19  Barracks Reactor  
  24  2:23  Refinery  
  24  2:29  SCV  
  25  2:41  SCV  
  26  2:53  Orbital Command, Starport, SCV  
  26  2:57  Marine x2  
  29  2:59  Widow Mine  
  32  3:05  SCV  
  32  3:16  Supply Depot  
  32  3:17  Marine x2, SCV  
  32  3:19  SCV  
  36  3:20  Widow Mine  
  38  3:29  SCV, Medivac  
  38  3:31  SCV  
  42  3:35  Marine  
  42  3:36  Marine  
  42  3:39  Supply Depot  
  44  3:42  SCV, Widow Mine  
  44  3:44  SCV  
  48  3:49  Barracks  
  48  3:55  Marine x2  
  50  3:56  SCV x2  
  50  4:01  Supply Depot  
  52  4:03  Starport Tech Lab  
  52  4:04  Factory Tech Lab  
  52  4:09  SCV  
  54  4:10  SCV  
  54  4:13  Marine x2  
  56  4:21  SCV  
  56  4:22  Raven  
  56  4:23  Barracks  
  59  4:24  SCV  
  59  4:28  Refinery  
  59  4:29  Engineering Bay  
  60  4:33  Marine x2  
  60  4:34  SCV  
  60  4:36  SCV  
  64  4:40  Supply Depot  
  64  4:46  Stimpack, SCV  
  64  4:47  Marauder  
  64  4:48  SCV  
  67  4:58  Marine, SCV  
  67  4:59  Marine  
  68  5:00  SCV  
  68  5:04  Terran Infantry Weapons Level 1  
  68  5:06  Refinery  
  65  5:08  Marauder, Factory Reactor  
  65  5:09  Starport Reactor  
  65  5:10  SCV  
  65  5:11  Supply Depot  
  65  5:13  SCV  
  67  5:18  Marine x2  
  67  5:19  Combat Shield  
  67  5:20  Marine  
  70  5:22  SCV  
  70  5:24  Supply Depot  
  70  5:25  SCV  
  72  5:31  Marauder  
  72  5:34  SCV  
  72  5:35  Supply Depot, Marine x2  
  77  5:44  Marauder  
  77  5:45  Medivac x2  
  77  5:49  Widow Mine x2  
  87  5:53  Marauder, Supply Depot, Marine x2  
  91  6:02  Command Center  
  91  6:10  Marauder, Supply Depot  
  91  6:11  SCV  
  94  6:15  Medivac x2  
  98  6:21  Marine, Widow Mine x2  
  98  6:23  Marine  
  104  6:26  Concussive Shells  
  104  6:27  Supply Depot  
  104  6:29  Marauder  
  104  6:31  SCV  
  104  6:32  SCV  
  108  6:37  Marauder  
  110  6:44  Supply Depot, SCV x2  
  112  6:47  Widow Mine x2  
  116  6:56  SCV x2  
  116  6:58  Barracks, Terran Infantry Armor Level 1  
  116  7:00  Barracks  
  118  7:06  Viking  
  118  7:08  SCV  
  121  7:09  SCV  
  121  7:10  Viking  
  121  7:14  Supply Depot  
  125  7:17  Marauder  
  125  7:20  Marauder, SCV  
  125  7:21  SCV  
  130  7:23  Marine  
  130  7:31  Supply Depot  
  130  7:32  SCV  
  130  7:33  SCV  
  132  7:37  Marine, Widow Mine x2  
  132  7:39  Marauder  
  132  7:41  SCV  
  138  7:45  SCV  
  138  7:50  SCV  
  138  7:51  Armory  
  138  7:52  Engineering Bay  
  138  7:53  Supply Depot  
  138  7:55  Marauder  
  138  7:56  Viking  
  129  8:00  Viking  
  129  8:02  Marauder  
  129  8:04  Barracks Reactor  
  129  8:05  Barracks Tech Lab  
  131  8:08  Orbital Command  
  131  8:12  Marine x2  
  121  8:17  Marauder, Widow Mine  
  121  8:18  Widow Mine  
  123  8:23  Marauder  
  123  8:24  Marauder, SCV  
  123  8:26  SCV  
  123  8:29  Viking  
  123  8:33  Viking  
  127  8:35  Refinery  
  127  8:37  Refinery  
  127  8:40  Terran Infantry Weapons Level 2  
  127  8:41  Marine  
  127  8:42  Marine x3  
  131  8:49  Command Center  
  131  8:51  Marauder  
  131  8:54  Marauder x2  
  137  8:56  Terran Infantry Armor Level 2  
  137  8:59  Ghost Academy  
  137  9:00  Medivac  
  139  9:03  Medivac  
  139  9:06  Marine x4  
  145  9:12  Missile Turret  
  145  9:13  Sensor Tower, SCV  
  145  9:14  Bunker, SCV x2  
  145  9:16  Marauder  
  150  9:19  Marauder  
  150  9:20  Marauder  
  150  9:23  Widow Mine x2  
  158  9:28  Terran Ship Weapons Level 1  
  156  9:32  Supply Depot  
  156  9:34  Marine x3  
  156  9:36  Marine  
  156  9:37  Ghost  
  156  9:38  Viking  
  165  9:39  Ghost  
  165  9:42  Viking  
  165  9:44  Supply Depot  
  168  9:46  Missile Turret  
  168  9:54  Starport  
  168  9:55  Barracks  
  168  9:58  Barracks x2  
  168  10:00  Ghost  
  168  10:05  Ghost  
  174  10:07  SCV x3  
  174  10:11  Ghost  
  180  10:18  Marine  
  180  10:19  SCV  
  182  10:25  Medivac  
  182  10:26  Marine  
  183  10:29  Marauder  
  183  10:30  SCV  
  183  10:33  Planetary Fortress  
  183  10:34  Marauder, Medivac  
  184  10:41  SCV x2  
  184  10:42  Sensor Tower  
  185  10:43  Marauder, Marine x2  
  185  10:45  Barracks Tech Lab x2  
  185  10:47  Barracks Reactor  
  185  10:48  SCV  
  190  10:50  Marauder, Refinery x2  
  190  10:52  Missile Turret  
  190  10:53  Marine  
  190  10:55  Marine, Medivac  
  190  10:56  Marauder  
  198  11:01  Marine  
  199  11:06  Command Center  
  199  11:07  SCV  
  199  11:09  Marine  
  200  11:13  Medivac  
  200  11:19  Missile Turret  
  200  11:23  Bunker  
  200  11:25  Supply Depot  
  200  11:28  Medivac  
  200  11:30  Medivac  
  200  11:32  Marauder  
  199  11:35  Terran Infantry Weapons Level 3  
  199  11:36  Marine  
  199  11:37  Marauder, Marine  
  199  11:39  Ghost  
  194  11:40  Marine x3  
  194  11:41  Marine  
  194  11:42  Marauder, Marine  
  194  11:46  Medivac  
  183  11:53  Marine  
  183  11:54  Marine x2  
  183  11:55  SCV x2  
  183  11:57  Marine  
  183  11:58  Marauder, Marine x2  
  183  12:01  Marauder  
  192  12:04  Medivac  
  192  12:05  SCV x2  
  188  12:11  Ghost  
  188  12:15  Marine x3  
  186  12:17  Marauder, Marine  
  186  12:19  Medivac  
  186  12:20  Marine x2  
  186  12:21  Marauder  
  186  12:22  Marine x2  
  179  12:28  SCV  
  178  12:31  Refinery  
  178  12:33  Marine x2  
  178  12:34  Marine  
  178  12:35  SCV  
  181  12:37  Marine, SCV x2  
  181  12:39  Marauder  
  181  12:40  Marauder, Bunker  
  181  12:41  Missile Turret  
  181  12:42  Terran Infantry Armor Level 3  
  188  12:44  Marauder  
  188  12:48  Marauder x2  
  188  12:49  Viking  
  196  12:56  Viking  
  197  13:02  Marauder, Marine x3  
  197  13:03  Ghost  
  197  13:05  Marine x2  
  185  13:06  Marauder, Marine  
  185  13:09  Marauder x2  
  194  13:15  Liberator  
  194  13:19  Marine x2  
  197  13:20  Marine  
  200  13:33  Terran Ship Weapons Level 2  
  200  13:35  Command Center  
  200  13:38  Sensor Tower  
  199  13:44  Marine  
  199  13:45  Ghost  
  199  13:46  Marauder x2  
  199  13:47  Marine x2  
  194  13:52  Liberator x2  
  194  13:53  Marauder, Marine x2  
  194  13:54  Marine  
  194  13:55  Marauder  
  186  14:01  Marine  
  183  14:05  Marine x2  
  183  14:07  Ghost  
  183  14:08  Marauder, Medivac  
  189  14:11  Marine x2  
  189  14:14  Marauder  
  189  14:15  Marauder, Marine  
  189  14:16  Ghost  
  194  14:21  Marine, Medivac  
  194  14:22  Marine  
  188  14:24  Marine  
  188  14:29  Marauder, Marine  
  192  14:33  Marine x2  
  192  14:34  Liberator  
  192  14:35  Marauder  
  197  14:39  Marine  
  197  14:40  Marauder  
  197  14:42  Liberator  
  197  14:45  Marauder, Marine  
  176  14:50  Marauder, Medivac  
  174  14:57  Marauder, Marine  
  174  14:59  Marine  
  170  15:02  Marine  
  169  15:10  Marauder, Marine  
  169  15:14  Marine  
  169  15:15  Marauder  
  169  15:16  Marine  
  169  15:17  Marauder x2, Marine x2  
  169  15:19  Orbital Command  
  169  15:20  Ghost  
  176  15:24  Liberator  
  176  15:28  Liberator  
  175  15:30  Marine  
  175  15:31  Marine  
  175  15:34  Ghost  
  175  15:35  Marine  
  173  15:43  Marauder  
  173  15:47  Marauder  
  173  15:48  Marine  
  173  15:49  Marauder  
  178  15:50  Marauder  
  178  15:54  Marine  
  178  15:56  Marine  
  182  16:00  Marine x2  
  182  16:03  Marauder  
  184  16:10  Marine  
  180  16:13  Medivac  
  180  16:17  Marauder  
  181  16:19  SCV x2  
  181  16:22  Ghost  
  181  16:24  Medivac  
  181  16:27  Ghost  
  181  16:31  Marine x2  
  186  16:34  Liberator  
  186  16:36  Ghost  
  176  16:40  Marauder  
  176  16:41  SCV  
  176  16:42  Marine  
  176  16:46  Marine, SCV  
  172  16:53  Medivac  
  159  16:54  Marine  
  159  16:57  Marine  
  159  17:00  Marine  
  147  17:06  Marauder  
  147  17:07  Marine  
  150  17:08  Marine  
  150  17:10  Marine  
  152  17:18  Marauder  
  152  17:19  Marine  
  155  17:27  Liberator  
  155  17:28  Liberator  
  155  17:29  Marauder  
  163  17:30  Marine  
  163  17:32  Marauder  
  165  17:38  Marine  
  165  17:39  Marauder x2  
  165  17:44  Ghost, Marine  
  168  17:46  Marine  
  168  17:48  Medivac  
  168  17:49  Marine  
  168  17:50  Marauder  
  168  17:53  Marauder  
  168  17:55  Marine x2  
  168  17:57  Marine  
  165  18:00  Marauder  
  165  18:01  Marauder  
  164  18:12  Marauder, Planetary Fortress  
  165  18:13  Marauder  
  165  18:16  Ghost  
  165  18:18  Marine  
  164  18:21  Ghost  
  164  18:22  Marauder, Medivac  
  164  18:24  Marine x3  
  164  18:25  Marine  
  160  18:29  Marine  
  160  18:33  Marauder  
  155  18:34  Marauder  
  155  18:37  Marine  
  155  18:41  Liberator  
  159  18:42  Marine x3  
  159  18:44  Marauder  
  159  18:45  Marauder, Marine  
  159  18:47  Marine  
  167  18:50  Marauder  
  167  18:54  Marine  
  167  18:55  Marine  
  170  18:56  Marauder  
  170  18:59  Marine  
  170  19:02  Marine x2, Medivac  
  168  19:05  Marauder  
  168  19:07  Marauder, Medivac  
  168  19:09  Marine  
  168  19:10  Marine  
  168  19:12  Marauder  
  168  19:15  Medivac  
  168  19:16  Orbital Command  
  168  19:17  Marauder  
  167  19:20  Marine  
  167  19:22  Marine x2  
  167  19:24  Marine, Medivac  
  169  19:27  Ghost  
  169  19:29  Marine  
  169  19:30  Marine  
  175  19:33  Marauder  
  175  19:34  Marine  
  178  19:40  Marine  
  178  19:41  Marine x2  
  181  19:48  Viking  
  181  19:51  Viking  
  159  19:59  Marine  
  145  20:00  Marine  
  145  20:02  Marine  
  145  20:06  Viking, Marine x2  
  152  20:09  Marine x2  
  152  20:11  Marauder  
  152  20:13  Marine  
  157  20:15  Marauder  
  150  20:22  Viking, Marine  
  150  20:25  Marauder, Marine  
  153  20:30  Viking  
  159  20:43  Marine x2  
  159  20:44  Marine  
Show
View Real Time Build Order
Export as new Build Order

Classic Protoss 

Build Orders: 1 Gate Expand, Blink Stalkers 

Get SALT Encoding   

  12  0:00  Probe  
  13  0:12  Probe  
  14  0:17  Pylon  
  14  0:24  Probe  
  15  0:32  Probe  
  15  0:36  Gateway  
  15  0:40  Probe  
  16  0:45  Assimilator  
  17  0:50  Probe  
  18  1:03  Probe  
  19  1:15  Probe  
  20  1:23  Cybernetics Core  
  20  1:30  Nexus  
  20  1:36  Pylon  
  20  1:39  Probe  
  21  1:45  Assimilator  
  21  1:47  Stalker  
  21  1:51  Probe  
  22  2:00  Warp Gate  
  24  2:04  Probe  
  24  2:06  Stalker  
  25  2:16  Probe  
  28  2:28  Probe  
  29  2:33  Twilight Council  
  29  2:38  Probe  
  29  2:40  Probe  
  31  2:46  Probe  
  31  2:49  Blink  
  32  2:52  Probe  
  32  2:56  Gateway, Probe  
  33  3:04  Probe  
  35  3:11  Probe  
  36  3:16  Probe  
  36  3:17  Sentry  
  39  3:23  Probe  
  40  3:28  Probe  
  40  3:31  Nexus  
  41  3:35  Pylon  
  41  3:38  Probe  
  42  3:42  Probe  
  43  3:52  Stalker  
  43  3:53  Stalker  
  43  3:55  Pylon  
  47  3:56  Probe x2  
  47  4:01  Assimilator  
  49  4:08  Probe  
  49  4:09  Probe  
  51  4:16  Gateway  
  51  4:18  Gateway  
  51  4:20  Probe  
  51  4:22  Probe, Stalker  
  51  4:23  Stalker  
  57  4:31  Pylon  
  57  4:32  Probe  
  57  4:34  Forge, Probe  
  59  4:40  Robotics Facility  
  59  4:45  Probe x2  
  60  4:47  Stalker  
  60  4:51  Stalker  
  63  5:02  Probe  
  63  5:03  Probe  
  63  5:04  Charge  
  65  5:08  Probe  
  65  5:10  Probe, Protoss Ground Weapons Level 1  
  66  5:15  Probe  
  66  5:16  Probe  
  66  5:18  Probe  
  69  5:23  Sentry  
  69  5:26  Probe  
  69  5:27  Probe  
  73  5:28  Gateway  
  73  5:29  Gateway  
  73  5:31  Observer, Shield Battery  
  75  5:40  Probe x2  
  76  5:44  Stalker  
  76  5:46  Pylon, Stalker  
  78  5:53  Shield Battery  
  79  5:57  Pylon  
  79  5:59  Gateway  
  79  6:00  Gateway  
  79  6:01  Probe x3  
  81  6:07  Robotics Bay  
  81  6:09  Pylon  
  81  6:19  Pylon, Probe x3  
  81  6:20  Sentry  
  81  6:21  Zealot x3  
  81  6:23  Assimilator  
  92  6:26  Pylon  
  92  6:29  Stalker  
  92  6:32  Stalker  
  96  6:37  Observer  
  95  6:41  Pylon x2  
  95  6:46  Zealot  
  95  6:47  Zealot x3  
  104  6:54  Colossus, Pylon  
  104  6:55  Zealot x3  
  104  6:56  Pylon  
  110  7:07  Stalker x2  
  120  7:20  Zealot x5  
  120  7:21  Zealot  
  126  7:26  Extended Thermal Lance  
  126  7:32  Nexus  
  125  7:42  Zealot x7  
  139  7:47  Colossus  
  135  7:55  Nexus  
  68  7:58  Protoss Ground Weapons Level 2  
  131  7:59  Pylon  
  127  8:19  Zealot x8  
  135  8:24  Probe x3  
  130  8:30  Warp Prism  
  130  8:36  Probe x3  
  130  8:41  Pylon  
  135  8:43  Observer  
  135  8:44  Zealot  
  135  8:45  Zealot x3  
  143  8:56  Probe x3, Robotics Facility  
  143  8:58  Pylon  
  146  9:03  Observer  
  146  9:09  Forge  
  147  9:14  Probe x2  
  147  9:15  Probe x2  
  151  9:17  Zealot x4  
  151  9:18  Pylon, Disruptor  
  159  9:28  Protoss Ground Armor Level 1  
  163  9:31  Pylon  
  163  9:33  Observer  
  163  9:35  Nexus  
  163  9:36  Pylon, Disruptor  
  163  9:41  Gravitic Drive  
  167  9:54  Disruptor  
  167  9:57  Stalker x2, Zealot x5  
  167  9:58  Zealot  
  187  10:11  Gateway  
  187  10:12  Gateway  
  187  10:13  Gateway x2  
  187  10:14  Gateway  
  187  10:20  Disruptor  
  187  10:21  Protoss Ground Weapons Level 3, Disruptor  
  179  10:33  Zealot x8  
  189  10:42  Probe x2  
  189  10:43  Probe x2  
  189  10:53  Disruptor  
  189  10:54  Probe  
  189  10:55  Probe  
  189  10:56  Disruptor  
  196  11:15  Nexus  
  196  11:16  Zealot x2  
  196  11:17  Pylon, Robotics Facility  
  196  11:36  Zealot x12  
  180  11:49  Disruptor x2  
  168  11:55  Disruptor  
  168  11:57  Zealot x12  
  188  12:19  Disruptor x2  
  188  12:20  Probe x5  
  188  12:21  Disruptor  
  171  12:24  Sentry  
  171  12:25  Zealot x11  
  191  12:36  Nexus  
  199  12:37  Pylon, Protoss Ground Armor Level 2  
  199  12:42  Probe  
  199  12:43  Probe x3  
  198  12:51  Zealot  
  184  13:05  Stalker  
  184  13:06  Stalker x3, Zealot x5  
  198  13:37  Photon Cannon x2  
  198  13:39  Photon Cannon  
  198  13:41  Photon Cannon  
  198  13:42  Shield Battery  
  198  13:44  Zealot x2  
  198  13:46  Pylon  
  195  13:50  Stalker x2  
  195  13:53  Zealot x2  
  193  14:02  Zealot x3  
  189  14:18  Zealot x4  
  189  14:19  Zealot x4  
  193  14:29  Disruptor, Protoss Shields Level 1  
  197  14:33  Zealot  
  167  14:50  Zealot x6  
  167  14:51  Zealot x6  
  167  14:52  Disruptor x2  
  163  14:58  Zealot  
  157  15:06  Assimilator x2  
  149  15:08  Gateway, Disruptor  
  149  15:10  Gateway  
  149  15:12  Stalker x3  
  149  15:13  Stalker, Zealot x3  
  149  15:14  Zealot x5  
  167  15:21  Probe x5  
  164  15:28  Disruptor x2  
  147  15:32  Stalker  
  147  15:35  Stalker x4, Zealot x2  
  151  15:36  Zealot x6  
  167  15:45  Probe x3  
  170  15:53  Gateway  
  170  15:56  Zealot x8  
  186  15:57  Assimilator  
  186  15:59  Gateway, Dark Shrine  
  186  16:02  Assimilator  
  184  16:04  Nexus  
  180  16:12  Stalker x6  
  175  16:18  Probe x4  
  175  16:19  Probe x2  
  175  16:21  Disruptor x2, Zealot x8  
  162  16:40  Stalker  
  162  16:41  Stalker  
  162  16:45  Zealot x10  
  168  16:52  Zealot  
  156  16:54  Zealot  
  138  17:05  Sentry  
  138  17:06  Zealot x9  
  158  17:14  Zealot x4  
  166  17:16  Probe x2  
  166  17:20  Probe  
  166  17:21  Probe x3  
  173  17:30  Dark Templar  
  173  17:34  Zealot x3  
  173  17:35  Zealot x5  
  188  17:40  Zealot x3  
  192  17:46  Zealot x2  
  139  18:06  Stalker x3  
  139  18:10  Zealot x7  
  140  18:23  Stalker x3  
  140  18:24  Stalker  
  145  18:31  Zealot x2  
  145  18:32  Colossus, Zealot  
  150  18:34  Colossus  
  154  18:58  Nexus  
  152  19:04  Pylon  
  152  19:05  Colossus  
  135  19:27  Zealot x8  
  147  19:32  Zealot x2  
  147  19:35  Zealot x2  
  155  19:39  Zealot  
  121  19:57  Zealot x7  
  109  20:05  Sentry, Zealot x2  
  104  20:24  Dark Templar  
  93  20:28  Zealot x5  
  87  20:47  Zealot  
  87  20:48  Zealot x5  
  78  20:55  Zealot x2  
Tags
 
Add a new tag
Caveats
  • Supply blocks, unpowered buildings, or Contaminate may cause inaccurate times.
  • Supply counts are checked every 10 seconds.